 Dungeon Crawl Stone Soup version 0.30-a0-365-ge7f957f1db (webtiles) character file.

Game seed: 1266490196201723798

257 qeuew the Ducker (level 5, -6/41 HPs)
             Began as a Demonspawn Gladiator on Nov 16, 2022.
             Splashed by a jelly's acid (10 damage)
             ... on level 4 of the Dungeon.
             The game lasted 00:03:58 (2099 turns).

qeuew the Ducker (Demonspawn Gladiator)             Turns: 2099, Time: 00:03:59

Health: -6/41      AC: -1    Str: 16    XL:     5   Next: 93%
Magic:  5/5        EV: 12    Int:  9    God:
Gold:   178        SH:  0    Dex: 17    Spells: 4/4 levels left

rFire   . . .      SeeInvis .    a - +1 war axe
rCold   x . .      Faith    .    (no shield)
rNeg    . . .      Spirit   .    f - +0 ring mail
rPois   +          Reflect  .    c - +1 helmet
rElec   .          Harm     .    (no cloak)
rCorr   .          Rampage  +    h - +0 pair of gloves of Honour {Rampage rPois rC- Str+2}
Will    .....                    (no boots)
Stlth   +.........               (no amulet)
HPRegen 0.26/turn                (no ring)
MPRegen 0.09/turn                (no ring)

@: corroded
A: thin metallic scales 1, demonic guardian 1
a: no special abilities


You were on level 4 of the Dungeon.
You visited 1 branch of the dungeon, and saw 4 of its levels.

You collected 178 gold pieces.

Inventory:

Hand Weapons
 a - a +1 war axe (weapon)
Missiles
 d - 3 throwing nets (quivered)
 e - a javelin
Armour
 c - a +1 helmet (worn)
 f - a +0 ring mail (worn)
 h - the +0 pair of gloves of Honour (worn) {Rampage rPois rC- Str+2}
   (You found it on level 3 of the Dungeon)

   Str:       It affects your strength (+2).
   rC:        It makes you vulnerable to cold.
   rPois:     It protects you from poison.
   Rampage:   It bestows one free step when moving towards enemies.
Scrolls
 o - a scroll of teleportation
Potions
 i - a potion of ambrosia


   Skills:
 + Level 3.0 Fighting
 + Level 3.4 Axes
 + Level 2.6 Throwing
 * Level 3.0 Armour
 + Level 3.5 Dodging


You had 4 spell levels left.
You didn't know any spells.
Your spell library contained the following spells:

 Spells                   Type           Power      Damage    Failure   Level
 Cigotuvi's Dreadful Rot  Necr/Pois/Air  0%         N/A       75%         2
 Poisonous Vapours        Pois/Air       0%         N/A       75%         2
 Mephitic Cloud           Conj/Pois/Air  0%         N/A       92%         3


Dungeon Overview and Level Annotations

Branches:
Dungeon (4/15)
 Temple: D:4-7

Altars:
Kikubaaqudgha

Shops:
D:3 :


Innate Abilities, Weirdness & Mutations

You are partially covered in thin metallic scales. (AC +2)
A weak demonic guardian rushes to your aid.


Message History

You see here a giant cockroach corpse.
You hit the jelly.
Your hands burn!
The jelly is lightly wounded.
The jelly barely misses you.
You hit the jelly. The acid corrodes you!
Your hands burn!
The jelly is moderately wounded.
The jelly hits you but does no damage.
A jelly comes into view.
The jelly misses you.
You completely miss the jelly.
The jelly quivers.
You punch the jelly, but do no damage.
The jelly is moderately wounded.
The jelly completely misses you.
You slash the jelly!
Your hands burn!
* * * LOW HITPOINT WARNING * * *
The jelly is almost dead.
The jelly closely misses you.
You hit the jelly. The acid corrodes you!
Your hands burn!
* * * LOW HITPOINT WARNING * * *
The jelly is almost dead.
The jelly hits you but does no damage. The jelly hits you.
* * * LOW HITPOINT WARNING * * *
The acid corrodes you!
You are splashed with acid!
* * * LOW HITPOINT WARNING * * *
A demonic guardian appears!
Okay, then.
You feel better. The jelly barely misses you.
Your white imp gestures at the jelly.
The puff of frost hits the jelly.
The jelly dies!
Your Armour skill increases to level 3!
The jelly closely misses you.
You hit the jelly.
Your hands burn!
* * * LOW HITPOINT WARNING * * *
The jelly is lightly wounded.
The jelly hits you.
* * * LOW HITPOINT WARNING * * *
The acid corrodes you!
You are splashed with acid!
You die...

...............
...?.###................
.....#.................#
.....#..........!.......
.#......####..........#.
##......................
###..##...>..........#.#
#..##.........5.......
.......#......J@.#.#...
..####.####.....†....$#.
.. #..# #......†...#...
. #.....###...†.......
#..#.. #.........#.#
.#.#................ ..
..........####.#.
............ ...
###...###.#. .#


You could see a jelly (ally target) and a friendly white imp (summoned).

Vanquished Creatures
  A howler monkey (D:4)
  Jessica (D:3)
  Natasha (thrice) (D:2)
  4 adders
  A worm (D:2)
  An orc (D:3)
  4 bats
  6 endoplasms
  5 giant cockroaches
  4 hobgoblins
  4 jackals
  3 quokkas
  4 ball pythons
  8 goblins
  3 kobolds (D:1)
  A rat (D:2)
53 creatures vanquished.

Vanquished Creatures (collateral kills)
  A jelly (D:4)
1 creature vanquished.

Grand Total: 54 creatures vanquished

Notes
Turn   | Place    | Note
-------+----------+-------------------------------------------
     0 | D:1      | qeuew the Demonspawn Gladiator began the quest for the Orb.
     0 | D:1      | Reached XP level 1. HP: 16/16 MP: 1/1
    86 | D:1      | Gained mutation: You are partially covered in thin metallic
                  | scales. (AC +2) [demonic ancestry]
    86 | D:1      | Reached XP level 2. HP: 8/22 MP: 2/2
   184 | D:1      | Reached skill level 1 in Armour
   734 | D:2      | Reached XP level 3. HP: 28/28 MP: 3/3
   875 | D:2      | Noticed Natasha
   881 | D:2      | Killed Natasha
   882 | D:2      | Reached XP level 4. HP: 34/34 MP: 4/4
  1014 | D:2      | Noticed Natasha
  1022 | D:2      | Killed Natasha
  1129 | D:2      | Noticed Natasha
  1140 | D:2      | Killed Natasha
  1386 | D:3      | Gained mutation: A weak demonic guardian rushes to your
                  | aid. [demonic ancestry]
  1386 | D:3      | Reached XP level 5. HP: 38/39 MP: 5/5
  1390 | D:3      | Identified the +0 pair of gloves of Honour {Rampage rPois
                  | rC- Str+2}
  1484 | D:3      | Found Ucwy's Book Boutique.
  1491 | D:3      | Found a faded altar of an unknown god.
  1777 | D:3      | Found an ancient bone altar of Kikubaaqudgha.
  1820 | D:3      | Noticed Jessica
  1833 | D:3      | Killed Jessica
  2045 | D:4      | Noticed an ogre
  2099 | D:4      | Splashed by a jelly's acid

Illustrated notes

Levels and vault maps discovered:
D:1:      minmay_arrival_doors, layout_rooms
D:2:      layout_rooms, uniq_natasha
D:3:      layout_loops_cross, mainiacjoe_overflow_surrounded_room,
          dreamdust_ecumenical_altar_statues, serial_shops,
          nicolae_shop_advertising_works [nicolae_subvault_shop_adworks],
          grunt_ministairs_12, uniq_jessica
D:4:      layout_cave_pools, nemelex_spade_bored_becter,
          nicolae_kite_square_tiling_tiny

Skill      XL: |  1  2  3  4  5 |
---------------+----------------+-----
Armour         | 1 2 3 |  3.0
Throwing       | 2 |  2.6
Dodging        | 3 |  3.5
Axes           | 3 |  3.4
Fighting       | 3 |  3.0

Action                   |  1- 3 |  4- 6 || total
-------------------------+-------+-------++-------
Melee: War axe           |   106 |    76 ||   182
       Punch             |       |     1 ||     1
  Use: Scroll            |     3 |     6 ||     9
       Potion            |       |    11 ||    11
 Stab: Sleeping          |     3 |       ||     3
       Invisible         |       |     1 ||     1
Armor: Leather armour    |    37 |       ||    37
       Ring mail         |    19 |    31 ||    50
Dodge: Dodged            |    78 |    59 ||   137

Table legend: (Time is in decaauts)
 A = Elapsed time spent in this place.
 B = Non-inter-level travel time spent in this place.
 C = Inter-level travel time spent in this place.
 D = Time resting spent in this place.
 E = Time spent auto-exploring this place.
 F = Levels seen in this place.
 G = Mean time per level.
                   A        B        C        D        E       F      G
               +--------+--------+--------+--------+--------+-----+--------+
         Total |   2145 |   2063 |     82 |      0 |   1589 |   4 |  536.2 |
       Dungeon |   2145 |   2063 |     82 |      0 |   1589 |   4 |  536.2 |
               +--------+--------+--------+--------+--------+-----+--------+

Top non-repeatable levels by time:
     D:1: 716 daAuts
     D:3: 708 daAuts
     D:2: 657 daAuts
     D:4: 63 daAuts
